 Dungeon Crawl Stone Soup version 0.31.0-11-ge490571c62 (webtiles) character file.

Game seed: 6955680167867471422

89 Esekla the Trooper (level 4, -24/44 HPs)
             Began as a Naga Wanderer on Jan 28, 2024.
             Annihilated by an ogre
             ... wielding a +0 giant spiked club
              (36 damage)
             ... on level 5 of the Dungeon.
             The game lasted 00:17:08 (2494 turns).

Esekla the Trooper (Naga Wanderer)                  Turns: 2494, Time: 00:17:08

Health: -24/44     AC:  2    Str: 16    XL:     4   Next: 55%
Magic:  15/15      EV:  9    Int: 13    God:
Gold:   250        SH:  0    Dex: 10    Spells: 0/6 levels left

rFire   . . .        a - +1 hand axe
rCold   . . .        (no shield)
rNeg    . . .        c - +0 leather armour
rPois   +            (no helmet)
rElec   .            (no cloak)
rCorr   .            (no gloves)
SInv    +            (no barding)
Will    .....        (no amulet)
Stlth   +            f - ring of magical power
HPRegen 0.27/turn    (no ring)
MPRegen 0.14/turn

%: no passive effects
@: very slow
A: AC +1, large, see invisible, deformed body, poison resistance, slowness 2,
spit poison 1, naga tail 1
a: Spit Poison


You were on level 5 of the Dungeon.
You visited 1 branch of the dungeon, and saw 5 of its levels.

You collected 250 gold pieces.

Inventory:

Hand Weapons
 a - a +1 hand axe (weapon)
 s - a +0 dagger
Missiles
 i - 2 boomerangs
 l - 6 poisoned darts (quivered)
Armour
 c - a +0 leather armour (worn)
Jewellery
 f - a ring of magical power (left hand)
 j - a ring of fire
Scrolls
 g - a scroll of identify {unknown}
 k - a scroll of vulnerability {unknown}
 m - a scroll of immolation {unknown}
 n - a scroll of summoning {unknown}
 o - a scroll of fog {unknown}
Potions
 b - a potion of berserk rage
 d - 2 potions of heal wounds {unknown}
 e - a potion of attraction {unknown}
 h - a potion of brilliance {unknown}


   Skills:
 * Level 3.7 Fighting
 + Level 1.1 Axes
 + Level 1.0 Throwing
 + Level 0.8 Armour
 + Level 1.1 Dodging
 + Level 0.2 Stealth
 * Level 1.7 Spellcasting
 + Level 2.2 Conjurations
 * Level 1.2 Translocations
 * Level 0.2 Ice Magic
 * Level 0.4 Air Magic
 * Level 0.6 Alchemy
 + Level 1.1 Evocations


You couldn't memorise any spells.
You knew the following spells:

 Your Spells              Type           Power      Damage    Failure   Level
a - Magic Dart            Conj           24%        1d4       13%         1
b - Blink                 Tloc           8%         N/A       28%         2
c - Mephitic Cloud        Conj/Alch/Air  4%         N/A       52%         3

Your spell library contained the following spells:

 Spells                   Type           Power      Damage    Failure   Level
 Kiss of Death            Conj/Necr      16%        2d6       21%         1
 Freeze                   Ice            4%         1d3       30%         1
 Call Imp                 Summ           2%         N/A       43%         2
 Hailstorm                Conj/Ice       4%         3d5       52%         3
 Frozen Ramparts          Ice            2%         1d1       65%         3


Dungeon Overview and Level Annotations

Branches:
Dungeon (5/15)
 Temple: D:4-7

Altars:

Shops:
D:3 =   D:4 [??

Annotations:
D:4 Sigmund


Innate Abilities, Weirdness & Mutations

Your serpentine skin is tough. (AC +1)
You have supernaturally acute eyesight. (SInv)
Armour fits poorly on your strangely shaped body.
Your system is resistant to poisons. (rPois)
You cover ground very slowly.
You can spit poison.
You have a snake-like lower body.


Message History

The kobold shouts!
Aiming: Spit Poison (1% risk of failure)
Press: ? - help, Shift-Dir - straight line, f - kobold
Aim: a kobold, wielding a +0 whip and wearing a +0 ring mail (54% to hit)
The splash of poison hits the kobold.
You kill the kobold!
Found a stone staircase leading up.
Things that are here:
a +0 whip; a +0 ring mail You have got your breath back.
Found a stone staircase leading down.
Found a robe.
There is a stone staircase leading up here.
You climb upwards.
There is a stone staircase leading down here.
You start resting.
HP restored.
Okay, then.
You climb downwards.
Level annotation: Sigmund
There is a stone staircase leading up here.
There is a stone staircase leading down here.
You climb downwards.
Found 19 gold pieces, 6 stones and 6 poisoned darts.
There is a stone staircase leading up here.
You now have 250 gold pieces (gained 19).
You see here 6 poisoned darts.
l - 6 poisoned darts As you open the door, it creaks loudly!
An ogre comes into view. It is wielding a +0 giant spiked club.
The ogre barely misses you.
You hit the ogre.
The ogre is lightly wounded.
The ogre hits you with a +0 giant spiked club!!
Ouch! That really hurt!
* * * LOW HITPOINT WARNING * * *
The ogre attacks as it pursues you!
The ogre hits you with a +0 giant spiked club!!!
Ouch! That really hurt!
You die...

#.# ...###### #.#
.......... #.#
#......... #.#
#......... #.#
#.........
#.###########.........
#.....................
######...####..O.......
#.........# #.#@^....#
##.###....###+#.####.#
#.# #....#....<.....#.#
#.# #....#.............
#.# #....#...(.........
#.# #....#....#........
#.###....#.........#...
#........###....##.# #.
#####....##......#.#


You could see an ogre.

Vanquished Creatures
  2 adders
  2 dart slugs (D:4)
  2 ribbon worms
  An orc (D:4)
  3 bats
  4 endoplasms
  2 giant cockroaches (D:1)
  2 goblins
  7 hobgoblins
  8 jackals
  4 kobolds
  A quokka (D:2)
  9 ball pythons
  2 frilled lizards
  8 rats
57 creatures vanquished.

Notes
Turn   | Place    | Note
-------+----------+-------------------------------------------
     0 | D:1      | Esekla the Naga Wanderer began the quest for the Orb.
     0 | D:1      | Esekla set off with the following items: a +1 hand axe, a
                  | potion of berserk rage, a +0 leather armour; and the
                  | following spells available to memorise: Magic Dart, Kiss of
                  | Death, Mephitic Cloud.
     0 | D:1      | Reached XP level 1. HP: 21/21 MP: 2/2
   167 | D:1      | Reached XP level 2. HP: 28/28 MP: 3/3
   169 | D:1      | Learned a level 1 spell: Magic Dart
   182 | D:1      | Learned a level 2 spell: Blink
   580 | D:1      | Reached XP level 3. HP: 12/34 MP: 5/5
  1272 | D:2      | Reached skill level 1 in Translocations
  1402 | D:3      | Found Zaepos's One-of-a-Kind Rings.
  1785 | D:3      | Reached XP level 4. HP: 5/42 MP: 6/6
  1924 | D:3      | Learned a level 3 spell: Mephitic Cloud
  2313 | D:4      | Found Yguluaso's Magic Scroll Emporium.
  2316 | D:4      | Found Qesk's Armour Emporium.
  2363 | D:4      | Noticed Sigmund
  2371 | D:4      | Found Ihuxt's Magic Scroll Shop.
  2438 | D:5      | Entered Level 5 of the Dungeon
  2489 | D:5      | Noticed an ogre
  2494 | D:5      | Annihilated by an ogre

Illustrated notes

Levels and vault maps discovered:
D:1:      spicycebolla_green_bress_n_ham, layout_rooms
D:2:      layout_rooms
D:3:      layout_basic, nicolae_shop_unique_rings
D:4:      layout_rooms, fedhas_altar_fruit_tree, kennysheep_little_box,
          nicolae_hepliaklqana_hippocampus, serial_shops,
          nicolae_shop_advertising_works [nicolae_subvault_shop_adworks],
          nicolae_shop_trees, shop, nicolae_letterblocks
          [nicolae_letter_subblock, nicolae_letter_subblock,
          nicolae_letter_subblock, nicolae_letter_subblock,
          nicolae_letter_subblock, nicolae_letter_subblock,
          nicolae_letter_subblock, nicolae_letter_subblock,
          nicolae_letter_subblock, nicolae_letter_subblock,
          nicolae_letter_subblock, nicolae_letter_subblock,
          nicolae_letter_subblock, nicolae_letter_subblock,
          nicolae_letter_subblock, nicolae_letter_subblock,
          nicolae_letter_subblock, nicolae_letter_subblock,
          nicolae_letter_subblock, nicolae_letter_subblock,
          nicolae_letter_subblock, nicolae_letter_subblock,
          nicolae_letter_subblock, nicolae_letter_subblock,
          nicolae_letter_subblock], uniq_edmund, uniq_sigmund
D:5:      layout_basic, kennysheep_generic_room_12, uniq_pikel

Skill      XL: |  1  2  3 |
---------------+----------+-----
Translocations | 1 |  1.2
Fighting       | |  3.7
Axes           | |  1.1
Throwing       | |  1.0
Armour         | |  0.8
Dodging        | |  1.1
Stealth        | |  0.2
Spellcasting   | |  1.7
Conjurations   | |  2.2
Ice Magic      | |  0.2
Air Magic      | |  0.4
Alchemy        | |  0.6
Evocations     | |  1.1

Action                     |  1- 3 |  4- 6 || total
---------------------------+-------+-------++-------
  Melee: Hand axe          |    75 |    17 ||    92
         Dagger            |    12 |       ||    12
   Cast: Magic Dart        |       |     5 ||     5
Ability: Spit Poison       |    43 |     7 ||    50
    Use: Scroll            |       |     1 ||     1
 Armour: Leather armour    |    99 |    19 ||   118
  Dodge: Dodged            |    71 |    14 ||    85
